 Dungeon Crawl Stone Soup version bcrawl-1.31 (webtiles) character file.

Game seed: 16832199917390495046

712032 Morbidden the Cruncher (level 16, -1/180 HPs)
             Began as an Ent Archaeologist on Mar 28, 2021.
             Was a High Priest of Cheibriados.
             Killed from afar by a rime drake (22 damage)
             ... with a flash freeze
             ... on level 3 of the Swamp on Apr 3, 2021.
             The game lasted 00:36:57 (20107 turns).

Morbidden the Cruncher (Ent Archaeologist)         Turns: 20107, Time: 00:36:57

Health: -1/180     AC: 27    Str: 31 (33) XL:     16   Next: 75%
Magic:  10/31      EV: 34    Int: 41 (44) God:    Cheibriados [*****.]
Gold:   2162       SH: 12    Dex: 26 (27) Spells: 26/37 levels left

rFire    + . .     SeeInvis +   a - +8 lajatang of Context {drain, +Inv rN+ Int+6}
rCold    + . .     Gourm    .   c - +0 medium shield
rNeg     + + +     Faith    .   (armour unavailable)
rPois    +         Spirit   .   B - +2 hat {SInv}
rElec    .         Reflect  .   g - +1 cloak
rCorr    .         Harm     .   (gloves unavailable)
MR       +....                  (boots unavailable)
Stlth    +++++.....             T - amulet of regeneration
HPRegen  0.70/turn              v - +5 ring of evasion
MPRegen  0.22/turn              d - ring of Tetryst {rF+ rC+ EV+3 Int+2}

@: agile, very slow
A: large, slow actions, passwall, strong branches, negative energy resistance 3,
poison resistance, slow metabolism 1, torment resistance, unbreathing, AC +23
a: Passwall, Bend Time, Temporal Distortion, Slouch, Step From Time, Renounce
Religion, Evoke Invisibility


You were on level 3 of the Swamp.
You worshipped Cheibriados.
Cheibriados was extremely pleased with you.
You were very hungry.

You visited 5 branches of the dungeon, and saw 23 of its levels.
You also visited: Ossuary and Gauntlet.

You collected 2538 gold pieces.
You spent 376 gold pieces at shops.

Inventory:

Hand Weapons
 a - the +8 lajatang of Context (weapon) {drain, +Inv rN+ Int+6}
   (You acquired it on level 3 of the Dungeon)

   A truly terrible weapon, it drains the life of those it strikes.
   It affects your intelligence (+6).
   It protects you from negative energy.
   It lets you turn invisible.
 b - a +3 longbow of flaming
 f - a +0 whip
Missiles
 n - 1818 bolts
 u - 707 poisoned tomahawks
 O - 2295 arrows
 W - 405 javelins (quivered)
Armour
 c - a +0 medium shield (worn)
 g - a +1 cloak (worn)
 B - a +2 hat of see invisible (worn)
Jewellery
 d - the ring of Tetryst (right hand) {rF+ rC+ EV+3 Int+2}
   (You found it in a Gauntlet)

   [ring of evasion]

   It affects your evasion (+3).
   It affects your intelligence (+2).
   It protects you from fire.
   It protects you from cold.
 v - a +5 ring of evasion (left hand)
 T - an amulet of regeneration (around neck)
Wands
 L - a wand of iceblast (27)
 X - a wand of flame (11)
 Y - a wand of acid (6)
Scrolls
 i - 5 scrolls of identify
 k - 4 scrolls of enchant armour
 l - 4 scrolls of magic mapping
 o - 3 scrolls of immolation
 s - 16 scrolls of remove curse
 y - 7 scrolls of fog
 E - 18 scrolls of teleportation
 H - 7 scrolls of amnesia
 I - 2 scrolls of blinking
 J - a scroll of summoning
 K - 4 scrolls of fear
 Q - a scroll of enchant weapon
Potions
 j - 7 potions of brilliance
 m - 2 potions of resistance
 q - 2 potions of curing
 r - 3 potions of degeneration
 t - 3 potions of agility
 x - a potion of lignification {unknown}
 z - 2 potions of magic {unknown}
 A - 2 potions of invisibility {unknown}
 C - a potion of flight {unknown}
 D - 3 potions of mutation {unknown}
 G - 2 potions of cancellation {unknown}
 M - 2 potions of might
 U - a potion of ambrosia {unknown}
Miscellaneous
 F - a phantom mirror
 P - a phial of floods
Comestibles
 e - 33 rations {!d}


   Skills:
 * Level 12.9 Fighting
 * Level 13.4(16.4) Maces & Flails
 + Level 13.8(15.2) Staves
 + Level 0.2 Bows
 + Level 2.4 Throwing
 * Level 12.6 Dodging
 + Level 8.1 Stealth
 * Level 4.6 Shields
 * Level 11.3 Spellcasting
 * Level 4.5 Charms
 * Level 4.2 Air Magic
 * Level 11.2 Invocations
 + Level 0.1 Evocations


You had 26 spell levels left.
You knew the following spells:

 Your Spells              Type           Power        Failure   Level  Hunger
a - Regeneration          Chrm/Necr      #####.....   8%          3    None
b - Song of Slaying       Chrm           ######..     1%          2    None
c - Deflect Missiles      Chrm/Air       ######....   83%         6    #####..

Your spell library contained the following spells:

 Spells                   Type           Power        Failure   Level  Hunger
 Infusion                 Chrm           ######..     1%          1    None
 Swiftness                Chrm/Air       ######..     1%          2    None
 Throw Frost              Conj/Ice       ###...       4%          2    None
 Apportation              Tloc           ###...       6%          1    None
 Corona                   Hex            ###....      6%          1    None
 Sandblast                Erth           ###...       6%          1    None
 Slow                     Hex            ###.....     6%          1    None
 Summon Butterflies       Summ           ###.....     6%          1    None
 Ozocubu's Armour         Chrm/Ice       #####...     8%          3    None
 Spectral Weapon          Hex/Chrm       #####...     8%          3    None
 Ensorcelled Hibernation  Hex/Ice        ###...       10%         2    None
 Confuse                  Hex            ###.....     19%         3    None
 Dazzling Orbs            Conj/Hex       ###....      19%         3    None
 Inner Flame              Hex/Fire       N/A          19%         3    None
 Tukima's Dance           Hex            ###.....     19%         3    None
 Cause Fear               Hex            ###.......   54%         4    None
 Sticky Flame             Conj/Fire      ###.....     54%         4    None
 Silence                  Hex/Air        #####.....   58%         5    ###....
 Summon Lightning Spire   Summ/Air       #####...     58%         5    ###....
 Fireball                 Conj/Fire      ###.......   87%         5    ###....
 Conjure Ball Lightning   Conj/Air       #####.....   99%         6    #####..
 Discord                  Hex            ###.......   100%        8    #######
 Tornado                  Air            ######....   100%        9    #######
 Passwall                 Tmut/Erth      Unusable     N/A         2    N/A
 Ice Form                 Ice/Tmut       Unusable     N/A         4    N/A

Dungeon Overview and Level Annotations

Branches:
Dungeon (12/12)            Temple (1/1) D:4            Lair (6/6) D:8
  Swamp (3/3) Lair:4       Spider (0/3) Lair:4        Slime (0/5) Lair:6
    Orc (1/1) D:8             Elf (0/3) Orc          Vaults (0/3) D:12
 Depths (0/5) D:12

Altars:
Ashenzari
Cheibriados
Dithmenos
Elyvilon
Fedhas
Gozag
Hepliaklqana
Kikubaaqudgha
Lugonu
Makhleb
Nemelex Xobeh
Okawaru
Qazlal
Ru
Sif Muna
Trog
Uskayaw
Vehumet
Wu Jian
Xom
Yredelemnul
Zin
The Shining One
Beogh
Jiyva

Shops:
D:7 :*(?   D:9 *   D:12 =   Orc ?}%(%

Annotations:
D:9 exclusion: 2 doors
Lair:2 exclusion: 2 oklob plants


Innate Abilities, Weirdness & Mutations

You move and act slowly.
You can pass through walls and trees.
Your branches can wield two-handed weapons with a shield.
Your thick bark is tough. (AC +23)
You are too large for most types of armour.
You are immune to negative energy. (rN+++)
Your system is resistant to poisons. (rPois)
You have a slow metabolism.
You are immune to unholy pain and torment.
You can survive without breathing.


Message History

Your tyrant leech is poisoned.
The rime drake is engulfed in poison gas.
The rime drake is poisoned.
The rime drake closely misses you.
Your tyrant leech is engulfed in poison gas.
Your tyrant leech looks more poisoned.
Your tyrant leech barely misses the swamp dragon.
The swamp drake breathes poison at you. The noxious blast misses you.
Unknown command.
Unknown command.
Unknown command.
Unknown command.
It was a potion of curing.
You feel better.
The thorn hunter fires a volley of thorns at you.
The volley of thorns misses you.
The rime drake is engulfed in poison gas.
The rime drake looks more poisoned.
The rime drake breathes ice at you. You partially resist.
The flash freeze hits you!!
You die...

♣♣...♣♣♣....
♣≈≈≈≈.♣....
♣♣♣.≈≈≈....≈♣♣
♣≈.≈≈≈≈≈§≈☼≈≈♣♣
.≈≈≈≈≈≈≈○☼D...♣≈
.≈≈≈≈≈..☼w○♣≈≈≈≈
≈≈≈k≈≈○○k○§≈..≈.
..D°°○°@f≈≈♣≈...
....≈≈°D☼†..†≈≈♣
≈...≈≈≈°†☼.≈≈≈.♣
≈♣♣.≈≈≈≈..D≈≈...
♣......?.☼..♣.
♣♣..≈.♣♣.≈≈.≈.
♣..≈≈≈ ≈≈≈...
≈..≈≈≈. ≈≈≈.≈≈
≈≈≈≈≈≈≈.♣♣♣≈.≈≈


You could see a thorn hunter, 3 swamp dragons, a rime drake, a swamp drake, a
friendly swamp dragon and a friendly tyrant leech.

Vanquished Creatures
  Bai Suzhen (Swamp:2)
  Gastronok (D:8)
  Frances (D:12)
  2 thorn hunters
  Aizul (Swamp:1)
  Nessos (D:12)
  A minotaur (Gauntlet)
  Snorg (D:11)
  Fannar (D:12)
  Urug (D:10)
  2 fire dragons (Lair:6)
  8 vault guards (D:12)
  19 hydras
  A ghost crab (Swamp:2)
  2 shambling mangroves (Swamp:2)
  Erica (D:11)
  20 two-headed ogres
  A death knight (D:12)
  7 death yaks
  5 ogre magi
  A tengu warrior (D:12)
  8 alligators
  Nergalle (Lair:4)
  A sixfirhy (Gauntlet)
  2 skeletal warriors (D:12)
  A goliath frog (Swamp:2)
  An unseen horror (D:12)
  A glowing orange brain (shapeshifter) (D:12)
  A spriggan druid (Swamp:2)
  9 swamp dragons
  2 lindwurms (Lair:6)
  2 cyclopes
  2 wolf spider zombies
  A wolf spider (D:12)
  2 deep elf magi
  An orc sorcerer (Orc)
  An oklob plant (Lair:1)
  7 ugly things
  2 manticores
  11 will-o'-wisps
  5 black mambas
  6 torpor snails (Lair:6)
  Joseph (D:8)
  12 cane toads
  3 rime drakes
  An efreet (D:10)
  2 gargoyles
  7 komodo dragons
  A centaur skeleton (D:7)
  2 freezing wraiths
  Maurice (D:10)
  A polar bear (Lair:5)
  2 trolls
  22 blink frogs
  15 hornets
  Prince Ribbit (D:8)
  9 tyrant leeches
  A harpy skeleton (D:12)
  2 bog bodies
  14 hippogriffs
  8 dream sheep (Lair:6)
  17 slime creatures
  4 spriggans
  A shadow (D:10)
  A ynoxinul (Gauntlet)
  A tarantella (Lair:4)
  4 wraiths
  4 wyverns
  A yak (shapeshifter) (D:10)
  18 yaks
  A golden eye (shapeshifter) (D:10)
  6 basilisks
  A neqoxec (Gauntlet)
  15 vampire mosquitoes
  2 chaos spawn (Gauntlet)
  A hungry ghost (D:6)
  4 steam dragons
  15 crocodiles
  3 soldier ants (D:9)
  9 swamp worms
  A warg (Orc)
  10 water moccasins
  16 orc warriors
  13 porcupines
  11 swamp drakes
  A black bear (D:11)
  2 ice beasts
  2 sky beasts
  34 ogres
  7 centaurs
  10 bullfrogs
  3 big kobolds (D:6)
  A gnoll sergeant (D:8)
  3 scorpions
  6 killer bees (D:7)
  14 wights
  5 centaur zombies
  A bullfrog zombie (D:5)
  6 crimson imps
  6 hounds
  10 orc priests
  3 jellies
  6 iguanas
  2 iron imps (Gauntlet)
  12 orc wizards
  11 worker ants
  3 hell rats (Lair:6)
  A big kobold zombie (Ossuary)
  2 ogre zombies (Ossuary)
  2 hound skeletons
  7 mummies (Ossuary)
  A worker ant zombie (D:6)
  Robin (D:2)
  8 gnolls
  13 adders
  5 river rats (Lair:6)
  4 shadow imps
  4 oozes
  4 adder zombies (Ossuary)
  2 adder skeletons
  5 worms
  3 dart slugs (D:1)
  3 leopard geckos
  76 orcs
  4 ball pythons
  2 giant cockroaches
  15 goblins
  4 hobgoblins
  10 jackals
  16 kobolds
  8 quokkas
  3 bats (D:1)
  3 frilled lizards (D:2)
  A gnoll zombie (Ossuary)
  5 goblin zombies (Ossuary)
  4 hobgoblin zombies (Ossuary)
  A jackal skeleton (D:5)
  6 quokka zombies (Ossuary)
  8 rats
  4 rat zombies (Ossuary)
  2 plants (Lair:6)
794 creatures vanquished.

Vanquished Creatures (others)
  A hydra (Swamp:2)
  An orc (D:2)
  A hobgoblin (D:2)
  19 fungi
  18 plants
40 creatures vanquished.

Grand Total: 834 creatures vanquished

Notes
Turn   | Place    | Note
-------+----------+-------------------------------------------
     0 | D:1      | Morbidden the Ent Archaeologist began the quest for the
                  | Orb.
     0 | D:1      | Reached XP level 1. HP: 21/21 MP: 1/1
   252 | D:1      | Reached XP level 2. HP: 21/29 MP: 2/2
   550 | D:1      | Reached XP level 3. HP: 27/37 MP: 4/4
   807 | D:2      | Reached skill level 1 in Spellcasting
  1012 | D:2      | Found a white marble altar of Elyvilon.
  1204 | D:2      | Reached XP level 4. HP: 39/46 MP: 6/6
  1445 | D:2      | Noticed Robin
  1696 | D:2      | Killed Robin
  1736 | D:3      | Reached XP level 5. HP: 5/53 MP: 7/7
  1736 | D:3      | Identified a scroll of acquirement
  1736 | D:3      | Identified the +8 lajatang of Context {drain, +Inv rN+
                  | Int+6} (You acquired it on level 3 of the Dungeon)
  2079 | D:3      | Found a shimmering altar of Xom.
  2086 | D:3      | Found a shimmering altar of Xom.
  2086 | D:3      | Found a shimmering altar of Xom.
  2087 | D:3      | Found a shimmering altar of Xom.
  2585 | D:4      | Reached skill level 1 in Staves
  2657 | D:4      | Reached XP level 6. HP: 38/64 MP: 9/9
  2698 | D:4      | Found a sand-covered staircase.
  2703 | Ossuary  | Entered an ossuary
  3000 | Ossuary  | Reached XP level 7. HP: 49/72 MP: 10/10
  3371 | D:4      | Found a staircase to the Ecumenical Temple.
  3394 | Temple   | Entered the Ecumenical Temple
  3485 | Temple   | Became a worshipper of Cheibriados the Contemplative
  3923 | D:5      | Entered Level 5 of the Dungeon
  4122 | D:5      | Reached * piety under Cheibriados
  4161 | D:5      | Reached XP level 8. HP: 84/84 MP: 13/13
  4446 | D:5      | Found a radiant altar of Vehumet.
  4447 | D:5      | Found a burning altar of Makhleb.
  4554 | D:5      | Found an iron altar of Okawaru.
  4557 | D:5      | Reached skill level 5 in Staves
  4620 | D:6      | Reached skill level 5 in Maces & Flails
  4658 | D:6      | Reached skill level 5 in Stealth
  4682 | D:6      | Reached ** piety under Cheibriados
  4683 | D:6      | Reached skill level 5 in Dodging
  4785 | D:6      | Noticed a two-headed ogre
  4794 | D:6      | Killed a two-headed ogre
  4795 | D:6      | Reached skill level 5 in Fighting
  4795 | D:6      | Reached XP level 9. HP: 78/95 MP: 14/16
  4798 | D:6      | Reached skill level 5 in Spellcasting
  5421 | D:7      | Found Semink's Book Boutique.
  5451 | D:7      | Reached *** piety under Cheibriados
  5452 | D:7      | Reached skill level 1 in Invocations
  5593 | D:7      | Found Korr's Antique Weapon Shoppe.
  5635 | D:7      | Found Genuk's Magic Scroll Shop.
  5644 | D:7      | Bought a scroll of magic mapping for 56 gold pieces
  5644 | D:7      | Bought a scroll of magic mapping for 56 gold pieces
  5644 | D:7      | Bought a scroll of blinking for 120 gold pieces
  5644 | D:7      | Bought a scroll of teleportation for 48 gold pieces
  5644 | D:7      | Bought a scroll of teleportation for 48 gold pieces
  5644 | D:7      | Bought a scroll of teleportation for 48 gold pieces
  5697 | D:7      | Found Poenis's Assorted Antiques.
  5741 | D:7      | Found a hide-covered altar of Uskayaw.
  5750 | D:7      | Found a glowing golden altar of the Shining One.
  5759 | D:7      | Found a shimmering blue altar of Sif Muna.
  5769 | D:7      | Found an opulent altar of Gozag.
  6115 | D:8      | Noticed Gastronok
  6126 | D:8      | Killed Gastronok
  6127 | D:8      | Reached XP level 10. HP: 73/107 MP: 17/19
  6166 | D:8      | Noticed Prince Ribbit
  6181 | D:8      | Reached **** piety under Cheibriados
  6208 | D:8      | Killed Prince Ribbit
  6261 | D:8      | Reached XP level 11. HP: 116/116 MP: 20/20
  6289 | D:8      | Found a staircase to the Orcish Mines.
  6365 | D:8      | Reached ***** piety under Cheibriados
  6807 | D:8      | Noticed Joseph
  6816 | D:8      | Killed Joseph
  6930 | D:8      | Found a staircase to the Lair.
  6940 | Lair:1   | Entered Level 1 of the Lair of Beasts
  7057 | Lair:1   | Noticed a six-headed hydra
  7064 | Lair:1   | Killed an 11-headed hydra
  7131 | Lair:1   | Noticed an oklob plant
  7132 | Lair:1   | Found a burning altar of Makhleb.
  7142 | Lair:1   | Killed an oklob plant
  7435 | Lair:1   | Reached skill level 5 in Invocations
  7825 | Lair:2   | Reached skill level 10 in Staves
  8132 | Lair:2   | Reached XP level 12. HP: 131/131 MP: 22/22
  8394 | Lair:2   | Noticed a death yak
  8395 | Lair:2   | Noticed a death yak
  8395 | Lair:2   | Noticed a death yak
  8395 | Lair:2   | Noticed a death yak
  8411 | Lair:2   | Killed a death yak
  8420 | Lair:2   | Killed a death yak
  8421 | Lair:2   | Killed a death yak
  8427 | Lair:2   | Killed a death yak
  9408 | Lair:4   | Noticed an eight-headed hydra
  9420 | Lair:4   | Killed a 12-headed hydra
  9538 | Lair:4   | Reached ****** piety under Cheibriados
  9646 | Lair:4   | Found a basalt altar of Yredelemnul.
  9668 | Lair:4   | Noticed a death yak
  9669 | Lair:4   | Noticed a death yak
  9805 | Lair:4   | Noticed a death yak
  9812 | Lair:4   | Killed a death yak
  9812 | Lair:4   | Noticed a four-headed hydra
  9819 | Lair:4   | Killed a death yak
  9823 | Lair:4   | Killed a six-headed hydra
  9824 | Lair:4   | Killed a death yak
  9826 | Lair:4   | Reached skill level 10 in Maces & Flails
  9923 | Lair:4   | Noticed an eight-headed hydra
  9931 | Lair:4   | Noticed a four-headed hydra
  9935 | Lair:4   | Killed a four-headed hydra
  9948 | Lair:4   | Killed a 17-headed hydra
  9995 | Lair:4   | Reached XP level 13. HP: 141/141 MP: 25/25
 10001 | Lair:4   | Noticed Nergalle
 10020 | Lair:4   | Killed Nergalle
 10079 | Lair:4   | Found a hole to the Spider Nest.
 10456 | Lair:4   | Found a staircase to the Swamp.
 11223 | Lair:6   | Entered Level 6 of the Lair of Beasts
 11302 | Lair:6   | Reached skill level 10 in Dodging
 11343 | Lair:6   | Reached skill level 1 in Throwing
 11457 | Lair:6   | Reached skill level 10 in Fighting
 11742 | Lair:6   | Learned a level 3 spell: Regeneration
 12173 | Lair:6   | Learned a level 2 spell: Song of Slaying
 12205 | Lair:6   | Noticed a fire dragon
 12219 | Lair:6   | Killed a fire dragon
 12225 | Lair:6   | Got a vibrating brass ring
 12228 | Lair:6   | Identified the ring "Denwatiqo" {+Fly rPois} (You found it
                  | on level 6 of the Lair of Beasts)
 12401 | Lair:6   | Found a viscous altar of Jiyva.
 12401 | Lair:6   | Found a staircase to the Slime Pits.
 12594 | Lair:6   | Found a runed door.
 12604 | Lair:6   | Noticed a fire dragon
 12612 | Lair:6   | Killed a fire dragon
 12613 | Lair:6   | Reached skill level 1 in Charms
 12735 | Lair:6   | Reached XP level 14. HP: 96/155 MP: 21/27
 13301 | D:9      | Identified the +4 war axe of Guwnum {drain, rElec rPois
                  | Str+4}
 13327 | D:9      | Found a large runed door.
 13328 | D:9      | Found a large runed door.
 13412 | D:9      | Found Hoviodd's General Store.
 14237 | D:9      | Found a glowing golden altar of the Shining One.
 14237 | D:9      | Noticed a frost giant
 14283 | D:10     | Entered Level 10 of the Dungeon
 14341 | D:10     | Noticed Urug
 14344 | D:10     | Killed Urug
 14409 | D:10     | Noticed Maurice
 14424 | D:10     | Killed Maurice
 14757 | D:10     | Identified Sostarum's Reference Book on Clay and Heat
 15052 | D:11     | Noticed Erica
 15056 | D:11     | Noticed Snorg
 15064 | D:11     | Killed Erica
 15072 | D:11     | Killed Snorg
 15524 | D:12     | Entered Level 12 of the Dungeon
 15657 | D:12     | Reached skill level 10 in Spellcasting
 15666 | D:12     | Found a staircase to the Depths.
 15720 | D:12     | Identified the ring "Rakhint" {Ice MR+ Int+2 Dex-5}
 15720 | D:12     | Noticed Fannar
 15736 | D:12     | Killed Fannar
 15794 | D:12     | Found Gysukh's Jewellery Shoppe.
 15836 | D:12     | Noticed Nessos
 15844 | D:12     | Noticed Frances
 15845 | D:12     | Killed Nessos
 15846 | D:12     | Reached XP level 15. HP: 132/168 MP: 21/29
 15853 | D:12     | Killed Frances
 15854 | D:12     | Reached skill level 10 in Invocations
 15902 | D:12     | Found a blossoming altar of Fedhas.
 16009 | D:12     | Found a gate to the Vaults.
 16664 | Orc      | Entered the Orcish Mines
 16675 | Orc      | Found a gate leading to a gauntlet.
 16684 | Gauntlet | Entered a Gauntlet
 16684 | Gauntlet | Found a transporter.
 16684 | Gauntlet | Found a transporter.
 16701 | Gauntlet | Found a transporter.
 16701 | Gauntlet | Found a transporter.
 16717 | Gauntlet | Found a transporter.
 16739 | Gauntlet | Found a transporter.
 16755 | Gauntlet | Found a transporter.
 16761 | Gauntlet | Found a transporter.
 16761 | Gauntlet | Found a transporter.
 16766 | Gauntlet | Found a transporter.
 16880 | Gauntlet | Got a fine turquoise ring
 16881 | Gauntlet | Identified the ring of Tetryst {rF+ rC+ EV+3 Int+2} (You
                  | found it in a Gauntlet)
 17016 | Gauntlet | Learned a level 6 spell: Deflect Missiles
 17116 | Orc      | Found a staircase to the Elven Halls.
 17361 | Orc      | Reached skill level 1 in Shields
 17362 | Orc      | Reached skill level 1 in Air Magic
 17362 | Orc      | Found Neipis's Weapon Shoppe.
 17362 | Orc      | Found Toazis's Gadget Shop.
 17362 | Orc      | Found Ymocur's Food Boutique.
 17362 | Orc      | Found Tausukk's Food Shoppe.
 17581 | Orc      | Found Poxt's Magic Scroll Emporium.
 17750 | Orc      | Found a roughly hewn altar of Beogh.
 18239 | Swamp:1  | Entered Level 1 of the Swamp
 18301 | Swamp:1  | Noticed a thorn hunter
 18314 | Swamp:1  | Killed a thorn hunter
 18335 | Swamp:1  | Identified the Incunabulum of Enchantment and Snow
 18368 | Swamp:1  | Reached XP level 16. HP: 180/180 MP: 30/30
 18444 | Swamp:1  | Noticed Aizul
 18456 | Swamp:1  | Killed Aizul
 19121 | Swamp:2  | Noticed a thorn hunter
 19135 | Swamp:2  | Killed a thorn hunter
 19275 | Swamp:2  | Identified the ring "Kipteoqy" {rElec Stlth--}
 19476 | Swamp:2  | Noticed Bai Suzhen
 19675 | Swamp:2  | Killed Bai Suzhen
 20030 | Swamp:3  | Entered Level 3 of the Swamp
 20103 | Swamp:3  | HP: 8/180 [shambling mangrove (16)]
 20104 | Swamp:3  | Noticed a thorn hunter
 20107 | Swamp:3  | Killed from afar by a rime drake

Skill      XL: |  1  2  3  4  5  6  7  8  9 10 11 12 13 14 15 16 |
---------------+-------------------------------------------------+-----
Dodging        | 3 4 5 7 8 9 10 11 12 | 12.6
Stealth        | 4 5 6 7 8 |  8.1
Fighting       | 2 3 5 6 8 9 10 11 12 | 12.9
Spellcasting   | 1 2 3 4 6 7 8 9 10 11 | 11.3
Maces & Flails | 2 3 4 5 7 9 10 11 12 13 | 13.4
Staves         | 2 3 4 6 8 10 11 12 13 | 13.8
Invocations    | 3 4 5 7 8 9 10 11 | 11.2
Throwing       | 1 2 |  2.4
Charms         | 1 2 3 4 |  4.5
Shields        | 2 4 |  4.6
Air Magic      | 2 4 |  4.2
Bows           | |  0.2
Evocations     | |  0.1

Action                   |  1- 3 |  4- 6 |  7- 9 | 10-12 | 13-15 | 16-18 || total
-------------------------+-------+-------+-------+-------+-------+-------++-------
Melee: Whip              |   206 |   131 |       |       |       |       ||   337
       Lajatang          |       |   116 |   254 |   309 |   806 |   276 ||  1761
 Fire: Longbow           |       |       |       |       |     7 |       ||     7
Throw: Tomahawk          |       |     1 |     2 |    12 |    21 |       ||    36
       Javelin           |       |       |       |       |    48 |     8 ||    56
 Cast: Song of Slaying   |       |       |       |       |    23 |    13 ||    36
       Regeneration      |       |       |       |       |    19 |    17 ||    36
Invok: Slouch            |       |       |       |     2 |    13 |     5 ||    20
       Step From Time    |       |       |       |       |       |     1 ||     1
 Abil: Evoke Invisibilit |       |       |       |     1 |       |       ||     1
Evoke: Wand              |       |       |       |     3 |     3 |       ||     6
       Phial of floods   |       |       |       |       |     1 |       ||     1
  Use: Potion            |       |     1 |     3 |       |       |     3 ||     7
       Scroll            |       |     9 |     2 |     6 |     9 |     3 ||    29
 Stab: Sleeping          |     5 |     8 |    11 |    12 |    18 |       ||    54
       Distracted        |       |       |     1 |     1 |     1 |       ||     3
       Invisible         |       |       |       |     3 |       |       ||     3
  Eat: Chunk             |     7 |    10 |    13 |    17 |    37 |     9 ||    93
       Ration            |       |       |     3 |       |     1 |       ||     4
Armor: Skin              |   155 |   175 |   155 |   168 |   352 |   190 ||  1195
Dodge: Dodged            |   172 |   224 |   341 |   563 |  1537 |   671 ||  3508
Block: Other             |       |       |       |       |    62 |       ||    62
       Medium shield     |       |       |       |       |   228 |   357 ||   585
